Flyers vs Canadiens (R1)

Created - May 23, 2019 at 22:33

Goals
1 2 3 T
Flyers 2 4 0 6
Canadiens 3 4 1 8
Shots
1 2 3 T
Flyers 13 18 9 40
Canadiens 9 16 9 34

1st period

1. Flyers , Mats Zuccarello 3 (J.T. Miller 6, Matt Smaby 3) at 8:41 (PP)
2. Flyers , Marcus Kruger 3 (Jaromir Jagr 2, Loui Eriksson 3) at 9:41
3. Canadiens , Steve Downie 5 (Frans Nielsen 7) at 10:42
4. Canadiens , Evgeny Dadonov 1 (Greg Stewart 6, Andrew Alberts 7) at 11:14
5. Canadiens , Brett Maclean 3 (Andrew Alberts 8) at 17:06 (PP)

Penalties :
Oliver Ekman-Larsson (Phi) for Holding (Minor) at 4:05, Andrew Alberts (Mon) for Slashing (Minor) at 8:06, Steve McCarthy (Phi) for Interference (Minor) at 15:47

2nd period

6. Canadiens , Evgeny Dadonov 2 (Greg Stewart 7) at 1:38
7. Canadiens , Steve Downie 6 (Colton Parayko 5, Frans Nielsen 8) at 3:46 (PP)
8. Canadiens , Steve Downie 7 (Scott Hartnell 5, Mark Stuart 2) at 5:21
9. Flyers , Drew Miller 6 (J.T. Miller 7, Kyle Wellwood 4) at 11:14
10. Flyers , Drew Miller 7 (Jakub Voracek 9, Jeff Carter 9) at 12:58 (PP)
11. Canadiens , Frans Nielsen 6 (Colton Parayko 6) at 13:48
12. Flyers , Jakub Voracek 6 (Steve McCarthy 1) at 16:37
13. Flyers , Matt Smaby 2 (Jakub Voracek 10, Cory Schneider) at 19:12 (PP)

Penalties :
Matt Smaby (Phi) for Boarding (Minor) at 0:59, Frans Nielsen (Mon) for Holding (Minor) at 1:11, Loui Eriksson (Phi) for Cross-checking (Minor) at 3:31, Brian McGrattan (Phi) for Interference (Minor) at 9:10, Enver Lisin (Mon) for Roughing (Minor) at 12:53, Brett Maclean (Mon) for Roughing (Minor) at 18:38

3rd period

14. Canadiens , Steve Downie 8 (Mark Stuart 3, Scott Hartnell 6) at 15:09 (PP)

Penalties :
Frans Nielsen (Mon) for Tripping (Minor) at 0:44, Jakub Voracek (Phi) for Holding (Minor) at 14:55, Dustin Boyd (Mon) for Holding (Minor) at 17:47

Goalie Stats

Cory Schneider (Phi), 19 saves from 23 shots - (0.826), L, 3-1-0, 38:22 minutes
Steve Mason (Phi), 7 saves from 11 shots - (0.636), 21:38 minutes
Allen York (Mon), 34 saves from 40 shots - (0.850), W, 1-0-0, 60:00 minutes

Players Stats for Flyers

Player Name              G  A  P  +/- PIM S  H  SB GA TA FO     MP     PP MP  PK MP  
------------------------------------------------------------------------------------
Brian McGrattan          0  0  0   0  2   2  0  0  1  0  0/0     5:28   0:00   0:00 
Chris Mcallister         0  0  0   0  0   0  0  0  1  0  0/0     8:47   0:00   3:00 
Drew Miller              2  0  2  -1  0   3  1  0  0  0  3/4    20:19   2:42   0:12 
J.T. Miller              0  2  2  -2  0   0  1  0  0  0  2/2    19:38   2:42   2:46 
Jakub Voracek            1  2  3  -1  2   8  3  1  0  1  2/2    20:58   2:42   0:00 
Jaromir Jagr             0  1  1   1  0   3  2  1  2  1  0/1    10:24   0:00   0:00 
Jeff Carter              0  1  1  -1  0   4  1  0  0  0  18/35  20:59   2:42   0:00 
Jeff Woywitka            0  0  0  -3  0   4  1  3  0  2  0/0    25:00   2:25   3:19 
Jonathan Ericsson        0  0  0   0  0   1  1  2  2  1  0/0    21:54   2:59   4:00 
Kyle Wellwood            0  1  1  -2  0   1  0  0  1  1  9/20   19:38   2:42   2:46 
Loui Eriksson            0  1  1   1  2   3  0  0  0  0  0/1    10:23   0:00   0:00 
Marcus Kruger            1  0  1   1  0   1  0  0  0  0  5/9    10:39   0:00   0:15 
Mats Zuccarello          1  0  1  -1  0   3  1  0  0  0  1/1    15:54   2:40   0:00 
Matt Smaby               1  1  2  -2  2   3  1  0  1  0  0/0    17:11   2:18   0:00 
Matthew Lombardi         0  0  0   0  0   1  0  0  0  0  4/11    8:44   0:00   2:57 
Nathan Beaulieu          0  0  0   1  0   0  3  2  0  1  0/0    16:02   0:09   0:44 
Oliver Ekman-Larsson     0  0  0  -1  2   2  3  0  0  0  0/0    23:47   2:59   1:55 
Steve McCarthy           0  1  1   1  2   1  2  1  0  0  0/0    16:24   0:00   1:58 

Players Stats for Canadiens

Player Name              G  A  P  +/- PIM S  H  SB GA TA FO     MP     PP MP  PK MP  
------------------------------------------------------------------------------------
Adam Pardy               0  0  0   0  0   0  0  0  1  1  0/0    14:28   0:00   0:35 
Andrew Alberts           0  2  2   1  2   0  1  0  1  0  0/0    29:46   3:32   3:01 
Brett Maclean            1  0  1  -2  2   3  0  0  1  0  0/1    10:28   0:04   0:00 
Colton Parayko           0  2  2   1  0   1  2  2  0  1  0/0    29:04   3:32   2:00 
David Jones              0  0  0   0  0   1  0  0  1  0  0/0     6:52   0:04   1:01 
Dustin Boyd              0  0  0  -2  2   4  1  0  1  1  6/10   12:12   0:04   0:55 
Enver Lisin              0  0  0  -2  2   1  2  0  0  0  0/0    10:24   0:00   0:00 
Evgeny Dadonov           2  0  2   2  0   3  1  1  0  0  1/4    17:59   2:01   0:01 
Frans Nielsen            1  2  3   2  4   4  0  1  1  1  22/45  20:36   3:52   0:35 
Greg Stewart             0  2  2   2  0   3  2  0  0  0  0/0    18:50   2:01   0:39 
Mark Stuart              0  2  2   0  0   3  1  2  0  3  0/0    20:19   2:26   3:24 
Pierre-Marc Bouchard     0  0  0   1  0   0  0  1  0  0  9/13   16:54   2:01   0:09 
Scott Hartnell           0  2  2   2  0   4  2  1  0  0  0/1    20:09   3:53   0:00 
Shaone Morrisonn         0  0  0   1  0   1  0  1  1  0  0/0    13:19   0:00   1:48 
Steve Downie             4  0  4   2  0   4  2  0  0  0  0/1    23:32   3:53   3:44 
Tomas Plekanec           0  0  0   0  0   1  0  0  0  1  4/11    9:16   0:00   3:44 
Viktor Stalberg          0  0  0   0  0   0  1  0  0  0  0/0     5:32   0:00   0:00 
Vitaly Vishnevsky        0  0  0   1  0   1  0  2  0  0  0/0    13:03   2:26   0:00 

3 Stars

1 - Steve Downie (Mon)
2 - Evgeny Dadonov (Mon)
3 - Scott Hartnell (Mon)

Power Play

Flyers - 3 on 6 Attempt(s) - 50.00%
Canadiens - 3 on 6 Attempt(s) - 50.00%

Penalty Kill

Flyers - 3 on 6 Attempt(s) - 50.00% - Score 0 goal in Penalty Kill
Canadiens - 3 on 6 Attempt(s) - 50.00% - Score 0 goal in Penalty Kill

Team Stat

Flyers - Hits : 20 - Faceoff Wins : 44 - Blocked Shots : 10 - Penalty Minutes : 12
Canadiens - Hits : 15 - Faceoff Wins : 42 - Blocked Shots : 11 - Penalty Minutes : 12

Official

Referees : Unknown
Linesman : Unknown

Game Notes

Cory Schneider enters game at 1:38 of 2nd period
Steve Downie has scored a Hat Trick!

Finance

Level 1 -- Attendance: 6000 (100.00%) -- Ticket Income $570,000
Level 2 -- Attendance: 5000 (100.00%) -- Ticket Income $315,000
Level 3 -- Attendance: 1990 (99.50%) -- Ticket Income $85,570
Level 4 -- Attendance: 3738 (93.45%) -- Ticket Income $130,830
Luxury Box -- Attendance: 1000 (100.00%) -- Ticket Income $160,000
Game was played at the Centre Bell.
Total Attendance: 17728 (98.49%)
Total Ticket Income: $1,261,400
Other Income: $189,210
Total Income: $1,450,610

Flyers

5 vs 5 Forward 
   Center                   Left Wing                Right Wing               Time % Phy DF OF 
 1 Jeff Carter              Drew Miller              Jakub Voracek            40     0   1  4  
 2 Kyle Wellwood            J.T. Miller              Mats Zuccarello          30     0   1  4  
 3 Marcus Kruger            Loui Eriksson            Jaromir Jagr             20     0   1  4  
 4 Matthew Lombardi         Chris Mcallister         Brian McGrattan          10     0   4  1  

5 vs 5 Defense 
   Defense                  Defense                                           Time % Phy DF OF 
 1 Oliver Ekman-Larsson     Jonathan Ericsson                                 30     1   3  1  
 2 Jeff Woywitka            Matt Smaby                                        30     1   3  1  
 3 Steve McCarthy           Nathan Beaulieu                                   30     1   3  1  
 4 Oliver Ekman-Larsson     Jeff Woywitka                                     10     1   3  1  

PowerPlay Forward 
   Center                   Left Wing                Right Wing               Time % Phy DF OF 
 1 Jeff Carter              Drew Miller              Jakub Voracek            50     0   1  4  
 2 Kyle Wellwood            J.T. Miller              Mats Zuccarello          50     0   1  4  

PowerPlay Defense
   Defense                  Defense                                           Time % Phy DF OF 
 1 Oliver Ekman-Larsson     Jonathan Ericsson                                 50     0   2  3  
 2 Matt Smaby               Jeff Woywitka                                     50     0   2  3  

Penalty Kill 4 Players Forward 
   Center                   Wing                     Time % Phy DF OF 
 1 Matthew Lombardi         Chris Mcallister         50     0   4  1  
 2 Kyle Wellwood            J.T. Miller              50     0   4  1  

Penalty Kill 4 Players Defense
   Defense                  Defense                  Time % Phy DF OF 
 1 Oliver Ekman-Larsson     Jonathan Ericsson        50     1   4  0  
 2 Jeff Woywitka            Steve McCarthy           50     1   4  0  

Penalty Kill - 3 Players Forward 
   Forward                                           Time % Phy DF OF 
 1 Matthew Lombardi                                  50     0   4  1  
 2 Kyle Wellwood                                     50     0   4  1  

Penalty Kill - 3 Players Defense
   Defense                  Defense                  Time % Phy DF OF 
 1 Oliver Ekman-Larsson     Jonathan Ericsson        50     1   4  0  
 2 Jeff Woywitka            Steve McCarthy           50     1   4  0  

4 vs 4 Forward 
   Center                   Wing                     Time % Phy DF OF 
 1 Jeff Carter              Jakub Voracek            50     0   2  3  
 2 Kyle Wellwood            J.T. Miller              50     0   2  3  

4 vs 4 Defense
   Defense                  Defense                  Time % Phy DF OF 
 1 Jonathan Ericsson        Oliver Ekman-Larsson     50     1   3  1  
 2 Matt Smaby               Jeff Woywitka            50     1   3  1  

Last Minutes Offensive
   Center                   Left Wing                Right Wing               Defense                  Defense                  
   Jeff Carter              Drew Miller              Jakub Voracek            Oliver Ekman-Larsson     Jeff Woywitka            

Last Minutes Defensive
   Center                   Left Wing                Right Wing               Defense                  Defense                  
   Kyle Wellwood            Chris Mcallister         Brian McGrattan          Oliver Ekman-Larsson     Jeff Woywitka            

Goaltenders
Starting : Steve Mason              
Backup : Cory Schneider           

Extra Forwards
Normal : Jeff Carter, Kyle Wellwood, Drew Miller - PP : Jeff Carter, Kyle Wellwood - PK : Matthew Lombardi
Extra Defensemen
Normal : Oliver Ekman-Larsson, Jeff Woywitka, Matt Smaby - PP : Jeff Woywitka - PK : Oliver Ekman-Larsson, Jeff Woywitka
Penalty Shots
Jeff Carter, Loui Eriksson, Jaromir Jagr, Kyle Wellwood, J.T. Miller

Scratches
Brian Lashoff (Healthy)

Canadiens

5 vs 5 Forward 
   Center                   Left Wing                Right Wing               Time % Phy DF OF 
 1 Frans Nielsen            Scott Hartnell           Steve Downie             40     1   1  3  
 2 Pierre-Marc Bouchard     Greg Stewart             Evgeny Dadonov           30     1   2  2  
 3 Dustin Boyd              Brett Maclean            Enver Lisin              20     1   2  2  
 4 Tomas Plekanec           Viktor Stalberg          David Jones              10     1   2  2  

5 vs 5 Defense 
   Defense                  Defense                                           Time % Phy DF OF 
 1 Andrew Alberts           Colton Parayko                                    40     1   2  2  
 2 Adam Pardy               Mark Stuart                                       30     1   2  2  
 3 Shaone Morrisonn         Vitaly Vishnevsky                                 20     1   2  2  
 4 Colton Parayko           Andrew Alberts                                    10     1   2  2  

PowerPlay Forward 
   Center                   Left Wing                Right Wing               Time % Phy DF OF 
 1 Frans Nielsen            Scott Hartnell           Steve Downie             60     1   2  2  
 2 Pierre-Marc Bouchard     Greg Stewart             Evgeny Dadonov           40     1   2  2  

PowerPlay Defense
   Defense                  Defense                                           Time % Phy DF OF 
 1 Andrew Alberts           Colton Parayko                                    60     1   2  2  
 2 Mark Stuart              Vitaly Vishnevsky                                 40     1   2  2  

Penalty Kill 4 Players Forward 
   Center                   Wing                     Time % Phy DF OF 
 1 Tomas Plekanec           Steve Downie             60     1   2  2  
 2 Dustin Boyd              David Jones              40     1   2  2  

Penalty Kill 4 Players Defense
   Defense                  Defense                  Time % Phy DF OF 
 1 Andrew Alberts           Mark Stuart              60     1   2  2  
 2 Shaone Morrisonn         Colton Parayko           40     1   2  2  

Penalty Kill - 3 Players Forward 
   Forward                                           Time % Phy DF OF 
 1 Frans Nielsen                                     60     1   2  2  
 2 Dustin Boyd                                       40     1   2  2  

Penalty Kill - 3 Players Defense
   Defense                  Defense                  Time % Phy DF OF 
 1 Andrew Alberts           Mark Stuart              60     1   2  2  
 2 Shaone Morrisonn         Adam Pardy               40     1   2  2  

4 vs 4 Forward 
   Center                   Wing                     Time % Phy DF OF 
 1 Frans Nielsen            Greg Stewart             60     1   2  2  
 2 Pierre-Marc Bouchard     Brett Maclean            40     1   2  2  

4 vs 4 Defense
   Defense                  Defense                  Time % Phy DF OF 
 1 Andrew Alberts           Colton Parayko           60     1   2  2  
 2 Shaone Morrisonn         Mark Stuart              40     1   2  2  

Last Minutes Offensive
   Center                   Left Wing                Right Wing               Defense                  Defense                  
   Frans Nielsen            Scott Hartnell           Evgeny Dadonov           Colton Parayko           Vitaly Vishnevsky        

Last Minutes Defensive
   Center                   Left Wing                Right Wing               Defense                  Defense                  
   Pierre-Marc Bouchard     Greg Stewart             Steve Downie             Andrew Alberts           Mark Stuart              

Goaltenders
Starting : Allen York               
Backup : Henrik Lundqvist         

Extra Forwards
Normal : Frans Nielsen, Greg Stewart, Evgeny Dadonov - PP : Frans Nielsen, Greg Stewart - PK : Steve Downie
Extra Defensemen
Normal : Andrew Alberts, Colton Parayko, Mark Stuart - PP : Andrew Alberts - PK : Andrew Alberts, Mark Stuart
Penalty Shots
Frans Nielsen, Pierre-Marc Bouchard, Greg Stewart, Steve Downie, Evgeny Dadonov

Scratches
Dustin Kohn (Healthy), Marcel Goc (Healthy), Nikolai Zherdev (Healthy), Wes O'Neill (Healthy), Raphael Diaz (Healthy)

% Time on Ice - Flyers

Lines # - Real PCT - Wanted PCT - Time Play
Normal Forward
1 - 38% - 40% - 17:44
2 - 28% - 30% - 13:15
3 - 22% - 20% - 10:24
4 - 12% - 10% - 5:28
Normal Defense
1 - 31% - 30% - 14:21
2 - 31% - 30% - 14:26
3 - 31% - 30% - 14:27
4 - 8% - 10% - 3:37
PP Forward
1 - 50% - 50% - 2:42
2 - 50% - 50% - 2:42
PP Defense
1 - 55% - 50% - 2:59
2 - 45% - 50% - 2:25
PK Forward
1 - 49% - 50% - 2:57
2 - 51% - 50% - 3:01
PK Defense
1 - 53% - 50% - 3:10
2 - 47% - 50% - 2:48
PK3 Forward
1 - 0% - 50%
2 - 0% - 50%
PK3 Defense
1 - 0% - 50%
2 - 0% - 50%
44 Forward
1 - 49% - 50% - 0:52
2 - 51% - 50% - 0:55
44 Defense
1 - 32% - 50% - 0:34
2 - 68% - 50% - 1:13
Last Minute Offensive  - 0:00
Last Minute Defensive  - 0:00
Total
Forward - 60:00
Defense - 60:00

% Time on Ice - Canadiens

Lines # - Real PCT - Wanted PCT - Time Play
Normal Forward
1 - 34% - 40% - 15:55
2 - 32% - 30% - 14:59
3 - 22% - 20% - 10:25
4 - 12% - 10% - 5:32
Normal Defense
1 - 42% - 40% - 19:52
2 - 30% - 30% - 14:11
3 - 23% - 20% - 10:37
4 - 5% - 10% - 2:11
PP Forward
1 - 66% - 60% - 3:57
2 - 34% - 40% - 2:01
PP Defense
1 - 59% - 60% - 3:32
2 - 41% - 40% - 2:26
PK Forward
1 - 81% - 60% - 4:23
2 - 19% - 40% - 1:01
PK Defense
1 - 67% - 60% - 3:36
2 - 33% - 40% - 1:48
PK3 Forward
1 - 0% - 60%
2 - 0% - 40%
PK3 Defense
1 - 0% - 60%
2 - 0% - 40%
44 Forward
1 - 100% - 60% - 1:47
2 - 0% - 40% - 0:00
44 Defense
1 - 66% - 60% - 1:11
2 - 34% - 40% - 0:36
Last Minute Offensive  - 0:00
Last Minute Defensive  - 0:00
Total
Forward - 60:00
Defense - 60:00

Play-by-Play

1st period


0:01 of 1st period - Jeff Carter wins face-off versus Frans Nielsen in neutral zone.
0:35 of 1st period - Off-side.
0:36 of 1st period - Marcus Kruger wins face-off versus Dustin Boyd in neutral zone.
0:49 of 1st period - Wrist shot by Loui Eriksson.
0:49 of 1st period - Stopped by Allen York without a rebound.
0:50 of 1st period - Tomas Plekanec wins face-off versus Matthew Lombardi in Canadiens zone.
0:50 of 1st period - Tomas Plekanec is hit by Nathan Beaulieu.
1:24 of 1st period - Wrist shot by Frans Nielsen.
1:24 of 1st period - Shot Misses the Net.
1:46 of 1st period - Off-side.
1:47 of 1st period - Marcus Kruger wins face-off versus Dustin Boyd in neutral zone.
1:52 of 1st period - Snap shot by Jaromir Jagr.
1:52 of 1st period - Shot Misses the Net.
1:56 of 1st period - Snap shot by Marcus Kruger.
1:56 of 1st period - Shot Misses the Net.
1:58 of 1st period - Slapshot by Oliver Ekman-Larsson.
1:58 of 1st period - Stopped by Allen York with a rebound.
2:00 of 1st period - Slapshot by Jaromir Jagr.
2:00 of 1st period - Stopped by Allen York with a rebound.
2:02 of 1st period - Slapshot by Oliver Ekman-Larsson.
2:02 of 1st period - Shot Blocked by Mark Stuart.
2:04 of 1st period - Slapshot by Jeff Woywitka.
2:04 of 1st period - Deflect By Mark Stuart.
2:04 of 1st period - Stopped by Allen York without a rebound.
2:05 of 1st period - Pierre-Marc Bouchard wins face-off versus Jeff Carter in Canadiens zone.
2:10 of 1st period - Snap shot by Greg Stewart.
2:10 of 1st period - Shot Misses the Net.
3:06 of 1st period - Snap shot by David Jones.
3:06 of 1st period - Shot Misses the Net.
3:08 of 1st period - Slapshot by Mark Stuart.
3:08 of 1st period - Shot Blocked by Jeff Woywitka.
3:30 of 1st period - Matt Smaby is hit by Mark Stuart and loses puck.
3:43 of 1st period - Shaone Morrisonn is hit by Matt Smaby and loses puck.
3:52 of 1st period - Snap shot by Evgeny Dadonov.
3:52 of 1st period - Stopped by Steve Mason without a rebound.
3:53 of 1st period - Frans Nielsen wins face-off versus Kyle Wellwood in Flyers zone.
3:58 of 1st period - Slapshot by Frans Nielsen.
3:58 of 1st period - Stopped by Steve Mason with a rebound.
4:00 of 1st period - Wrist shot by Andrew Alberts.
4:00 of 1st period - Deflect By Scott Hartnell.
4:00 of 1st period - Shot Blocked by Jonathan Ericsson.
4:00 of 1st period - Puck is out of play.
4:01 of 1st period - Frans Nielsen wins face-off versus Kyle Wellwood in Flyers zone.
4:02 of 1st period - Snap shot by Scott Hartnell.
4:02 of 1st period - Stopped by Steve Mason without a rebound.
4:03 of 1st period - Kyle Wellwood wins face-off versus Frans Nielsen in Flyers zone.
4:05 of 1st period - Minor Penalty to Oliver Ekman-Larsson for Holding.
4:06 of 1st period - Frans Nielsen wins face-off versus Matthew Lombardi in Flyers zone.
4:14 of 1st period - Snap shot by Frans Nielsen.
4:14 of 1st period - Shot Misses the Net.
4:16 of 1st period - Snap shot by Scott Hartnell.
4:16 of 1st period - Stopped by Steve Mason without a rebound.
4:17 of 1st period - Kyle Wellwood wins face-off versus Frans Nielsen in Flyers zone.
4:58 of 1st period - Icing by Evgeny Dadonov.
4:59 of 1st period - Matthew Lombardi wins face-off versus Frans Nielsen in Canadiens zone.
5:31 of 1st period - Steve McCarthy is hit by Greg Stewart.
5:41 of 1st period - Mark Stuart is hit by Nathan Beaulieu and loses puck.
6:05 of 1st period - Penalty to Oliver Ekman-Larsson is over, Oliver Ekman-Larsson is back on ice.
6:12 of 1st period - Oliver Ekman-Larsson is hit by Colton Parayko and loses puck.
6:23 of 1st period - Wrist shot by Dustin Boyd.
6:23 of 1st period - Stopped by Steve Mason without a rebound.
6:24 of 1st period - Jeff Carter wins face-off versus Tomas Plekanec in Flyers zone.
6:33 of 1st period - Wrist shot by Drew Miller.
6:33 of 1st period - Shot Misses the Net.
6:35 of 1st period - Slapshot by Oliver Ekman-Larsson.
6:35 of 1st period - Shot Misses the Net.
7:06 of 1st period - Steve McCarthy is hit by Scott Hartnell and loses puck.
7:25 of 1st period - Wrist shot by Loui Eriksson.
7:25 of 1st period - Stopped by Allen York without a rebound.
7:26 of 1st period - Pierre-Marc Bouchard wins face-off versus Jeff Carter in Canadiens zone.
7:26 of 1st period - Pierre-Marc Bouchard is hit by Jeff Carter.
7:31 of 1st period - Off-side.
7:32 of 1st period - Pierre-Marc Bouchard wins face-off versus Jeff Carter in neutral zone.
7:49 of 1st period - Snap shot by Jakub Voracek.
7:49 of 1st period - Stopped by Allen York without a rebound.
7:50 of 1st period - Kyle Wellwood wins face-off versus Frans Nielsen in Canadiens zone.
8:03 of 1st period - Wrist shot by Kyle Wellwood.
8:03 of 1st period - Stopped by Allen York without a rebound.
8:04 of 1st period - Frans Nielsen wins face-off versus Jeff Carter in Canadiens zone.
8:06 of 1st period - Minor Penalty to Andrew Alberts for Slashing.
8:07 of 1st period - Jeff Carter wins face-off versus Tomas Plekanec in Canadiens zone.
8:15 of 1st period - Wrist shot by Jeff Carter.
8:15 of 1st period - Stopped by Allen York with a rebound.
8:41 of 1st period - Snap shot by Mats Zuccarello.
8:41 of 1st period - Goal by Mats Zuccarello - Flyers : 1 - Canadiens : 0.
8:42 of 1st period - Frans Nielsen wins face-off versus Jeff Carter in neutral zone.
9:00 of 1st period - Jeff Carter is hit by Steve Downie.
9:41 of 1st period - Snap shot by Marcus Kruger.
9:41 of 1st period - Goal by Marcus Kruger - Flyers : 2 - Canadiens : 0.
9:42 of 1st period - Frans Nielsen wins face-off versus Jeff Carter in neutral zone.
10:34 of 1st period - Jaromir Jagr is hit by Enver Lisin.
10:38 of 1st period - Slapshot by Brett Maclean.
10:38 of 1st period - Shot Blocked by Jeff Woywitka.
10:40 of 1st period - Slapshot by Shaone Morrisonn.
10:40 of 1st period - Stopped by Steve Mason without a rebound.
10:41 of 1st period - Frans Nielsen wins face-off versus Jeff Carter in Flyers zone.
10:42 of 1st period - Wrist shot by Steve Downie.
10:42 of 1st period - Goal by Steve Downie - Flyers : 2 - Canadiens : 1.
10:43 of 1st period - Drew Miller wins face-off versus Frans Nielsen in neutral zone.
11:00 of 1st period - Slapshot by Drew Miller.
11:00 of 1st period - Deflect By Jeff Carter.
11:00 of 1st period - Stopped by Allen York without a rebound.
11:01 of 1st period - Pierre-Marc Bouchard wins face-off versus Kyle Wellwood in Canadiens zone.
11:14 of 1st period - Wrist shot by Evgeny Dadonov.
11:14 of 1st period - Goal by Evgeny Dadonov - Flyers : 2 - Canadiens : 2.
11:15 of 1st period - Drew Miller wins face-off versus Frans Nielsen in neutral zone.
11:20 of 1st period - Scott Hartnell is hit by Oliver Ekman-Larsson and loses puck.
11:27 of 1st period - Snap shot by Jakub Voracek.
11:27 of 1st period - Stopped by Allen York with a rebound.
11:47 of 1st period - Snap shot by Marcus Kruger.
11:47 of 1st period - Shot Blocked by Colton Parayko.
12:44 of 1st period - Icing by J.T. Miller.
12:45 of 1st period - Mats Zuccarello wins face-off versus Frans Nielsen in Flyers zone.
13:13 of 1st period - Icing by Mats Zuccarello.
13:14 of 1st period - Jeff Carter wins face-off versus Dustin Boyd in Flyers zone.
13:45 of 1st period - Wrist shot by Marcus Kruger.
13:45 of 1st period - Shot Blocked by Vitaly Vishnevsky.
14:29 of 1st period - Icing by Kyle Wellwood.
14:30 of 1st period - Frans Nielsen wins face-off versus Kyle Wellwood in Flyers zone.
15:17 of 1st period - Kyle Wellwood is hit by Evgeny Dadonov and loses puck.
15:47 of 1st period - Minor Penalty to Steve McCarthy for Interference.
15:48 of 1st period - Frans Nielsen wins face-off versus Matthew Lombardi in Flyers zone.
17:06 of 1st period - Slapshot by Brett Maclean.
17:06 of 1st period - Goal by Brett Maclean - Flyers : 2 - Canadiens : 3.
17:07 of 1st period - Tomas Plekanec wins face-off versus Jeff Carter in neutral zone.
17:22 of 1st period - Snap shot by Jakub Voracek.
17:22 of 1st period - Shot Misses the Net.
18:10 of 1st period - Wrist shot by Enver Lisin.
18:10 of 1st period - Shot Misses the Net.
18:22 of 1st period - Mark Stuart is hit by Drew Miller and loses puck.
18:31 of 1st period - Wrist shot by Drew Miller.
18:31 of 1st period - Shot Misses the Net.
18:41 of 1st period - Snap shot by Brian McGrattan.
18:41 of 1st period - Deflect By Chris Mcallister.
18:41 of 1st period - Shot Misses the Net.
18:41 of 1st period - Puck is out of play.
18:42 of 1st period - Matthew Lombardi wins face-off versus Frans Nielsen in Canadiens zone.
19:16 of 1st period - Wrist shot by Jakub Voracek.
19:16 of 1st period - Stopped by Allen York with a rebound.
19:18 of 1st period - Snap shot by Drew Miller.
19:18 of 1st period - Shot Hit the Post.
Goals for this period are 2 for Flyers vs 3 for Canadiens.
Shots for this period are 13 for Flyers vs 9 for Canadiens.

2nd period


0:01 of 2nd period - Frans Nielsen wins face-off versus Jeff Carter in neutral zone.
0:45 of 2nd period - Icing by Dustin Boyd.
0:46 of 2nd period - Dustin Boyd wins face-off versus Kyle Wellwood in Canadiens zone.
0:46 of 2nd period - Dustin Boyd is hit by Mats Zuccarello.
0:59 of 2nd period - Minor Penalty to Matt Smaby for Boarding.
1:00 of 2nd period - J.T. Miller wins face-off versus Frans Nielsen in Flyers zone.
1:11 of 2nd period - Minor Penalty to Frans Nielsen for Holding.
1:12 of 2nd period - Evgeny Dadonov wins face-off versus Jeff Carter in Canadiens zone.
1:18 of 2nd period - Snap shot by Greg Stewart.
1:18 of 2nd period - Shot Blocked by Jonathan Ericsson.
1:20 of 2nd period - Wrist shot by Greg Stewart.
1:20 of 2nd period - Shot Misses the Net.
1:22 of 2nd period - Backhand shot by Greg Stewart.
1:22 of 2nd period - Stopped by Steve Mason without a rebound.
1:23 of 2nd period - Kyle Wellwood wins face-off versus Evgeny Dadonov in Flyers zone.
1:38 of 2nd period - Slapshot by Evgeny Dadonov.
1:38 of 2nd period - Goal by Evgeny Dadonov - Flyers : 2 - Canadiens : 4.
1:38 of 2nd period - Cory Schneider enters game.
1:39 of 2nd period - Jeff Carter wins face-off versus Evgeny Dadonov in neutral zone.
1:48 of 2nd period - Snap shot by Jakub Voracek.
1:48 of 2nd period - Shot Misses the Net.
1:50 of 2nd period - Slapshot by Oliver Ekman-Larsson.
1:50 of 2nd period - Stopped by Allen York without a rebound.
1:51 of 2nd period - Kyle Wellwood wins face-off versus Evgeny Dadonov in Canadiens zone.
2:17 of 2nd period - Greg Stewart is hit by Oliver Ekman-Larsson and loses puck.
2:59 of 2nd period - Penalty to Matt Smaby is over, Matt Smaby is back on ice.
3:11 of 2nd period - Penalty to Frans Nielsen is over, Frans Nielsen is back on ice.
3:20 of 2nd period - Snap shot by Tomas Plekanec.
3:20 of 2nd period - Stopped by Cory Schneider without a rebound.
3:21 of 2nd period - Marcus Kruger wins face-off versus Tomas Plekanec in Flyers zone.
3:26 of 2nd period - Wrist shot by Jaromir Jagr.
3:26 of 2nd period - Shot Misses the Net.
3:31 of 2nd period - Minor Penalty to Loui Eriksson for Cross-checking.
3:32 of 2nd period - Kyle Wellwood wins face-off versus Frans Nielsen in Flyers zone.
3:36 of 2nd period - Slapshot by Jonathan Ericsson.
3:36 of 2nd period - Stopped by Allen York with a rebound.
3:42 of 2nd period - Wrist shot by Frans Nielsen.
3:42 of 2nd period - Stopped by Cory Schneider with a rebound.
3:44 of 2nd period - Slapshot by Colton Parayko.
3:44 of 2nd period - Stopped by Cory Schneider with a rebound.
3:46 of 2nd period - Slapshot by Steve Downie.
3:46 of 2nd period - Deflect By Kyle Wellwood.
3:46 of 2nd period - Goal by Steve Downie - Flyers : 2 - Canadiens : 5.
3:47 of 2nd period - Jeff Carter wins face-off versus Frans Nielsen in neutral zone.
4:02 of 2nd period - Wrist shot by Steve Downie.
4:02 of 2nd period - Shot Misses the Net.
4:53 of 2nd period - Wrist shot by Matthew Lombardi.
4:53 of 2nd period - Shot Blocked by Mark Stuart.
4:55 of 2nd period - Slapshot by Jeff Woywitka.
4:55 of 2nd period - Stopped by Allen York with a rebound.
5:17 of 2nd period - Wrist shot by Steve Downie.
5:17 of 2nd period - Shot Misses the Net.
5:19 of 2nd period - Wrist shot by Scott Hartnell.
5:19 of 2nd period - Stopped by Cory Schneider with a rebound.
5:21 of 2nd period - Backhand shot by Steve Downie.
5:21 of 2nd period - Goal by Steve Downie - Flyers : 2 - Canadiens : 6.
5:22 of 2nd period - Jeff Carter wins face-off versus Frans Nielsen in neutral zone.
5:25 of 2nd period - Slapshot by Jeff Carter.
5:25 of 2nd period - Shot Misses the Net.
6:11 of 2nd period - Slapshot by Jonathan Ericsson.
6:11 of 2nd period - Shot Misses the Net.
6:41 of 2nd period - Wrist shot by Matthew Lombardi.
6:41 of 2nd period - Stopped by Allen York without a rebound.
6:42 of 2nd period - Jeff Carter wins face-off versus Scott Hartnell in Canadiens zone.
6:55 of 2nd period - Wrist shot by Jakub Voracek.
6:55 of 2nd period - Shot Blocked by Shaone Morrisonn.
6:57 of 2nd period - Snap shot by Jeff Woywitka.
6:57 of 2nd period - Shot Blocked by Frans Nielsen.
6:59 of 2nd period - Slapshot by Matt Smaby.
6:59 of 2nd period - Deflect By Jakub Voracek.
6:59 of 2nd period - Stopped by Allen York with a rebound.
7:20 of 2nd period - Snap shot by Scott Hartnell.
7:20 of 2nd period - Stopped by Cory Schneider with a rebound.
7:42 of 2nd period - Snap shot by Mats Zuccarello.
7:42 of 2nd period - Stopped by Allen York without a rebound.
7:43 of 2nd period - Jeff Carter wins face-off versus Dustin Boyd in Canadiens zone.
8:55 of 2nd period - Wrist shot by Brian McGrattan.
8:55 of 2nd period - Stopped by Allen York without a rebound.
8:56 of 2nd period - Matthew Lombardi wins face-off versus Frans Nielsen in Canadiens zone.
9:10 of 2nd period - Minor Penalty to Brian McGrattan for Interference.
9:11 of 2nd period - Frans Nielsen wins face-off versus Kyle Wellwood in Flyers zone.
9:41 of 2nd period - Wrist shot by Pierre-Marc Bouchard.
9:41 of 2nd period - Shot Misses the Net.
9:43 of 2nd period - Slapshot by Vitaly Vishnevsky.
9:43 of 2nd period - Deflect By Kyle Wellwood.
9:43 of 2nd period - Stopped by Cory Schneider without a rebound.
9:44 of 2nd period - Pierre-Marc Bouchard wins face-off versus Matthew Lombardi in Flyers zone.
9:45 of 2nd period - Snap shot by Greg Stewart.
9:45 of 2nd period - Stopped by Cory Schneider without a rebound.
9:46 of 2nd period - Frans Nielsen wins face-off versus Matthew Lombardi in Flyers zone.
10:22 of 2nd period - Snap shot by Greg Stewart.
10:22 of 2nd period - Shot Misses the Net.
11:10 of 2nd period - Penalty to Brian McGrattan is over, Brian McGrattan is back on ice.
11:14 of 2nd period - Wrist shot by Drew Miller.
11:14 of 2nd period - Goal by Drew Miller - Flyers : 3 - Canadiens : 6.
11:15 of 2nd period - Drew Miller wins face-off versus Pierre-Marc Bouchard in neutral zone.
11:42 of 2nd period - Greg Stewart is hit by Jaromir Jagr and loses puck.
11:53 of 2nd period - Wrist shot by Loui Eriksson.
11:53 of 2nd period - Stopped by Allen York without a rebound.
11:54 of 2nd period - Frans Nielsen wins face-off versus Jeff Carter in Canadiens zone.
11:59 of 2nd period - Snap shot by Mark Stuart.
11:59 of 2nd period - Stopped by Cory Schneider without a rebound.
12:00 of 2nd period - Jeff Carter wins face-off versus Frans Nielsen in Flyers zone.
12:43 of 2nd period - Adam Pardy is hit by J.T. Miller and loses puck.
12:53 of 2nd period - Minor Penalty to Enver Lisin for Roughing.
12:54 of 2nd period - Jeff Carter wins face-off versus Tomas Plekanec in Canadiens zone.
12:56 of 2nd period - Slapshot by Jakub Voracek.
12:56 of 2nd period - Shot Blocked by Colton Parayko.
12:58 of 2nd period - Wrist shot by Drew Miller.
12:58 of 2nd period - Goal by Drew Miller - Flyers : 4 - Canadiens : 6.
12:59 of 2nd period - Jeff Carter wins face-off versus Frans Nielsen in neutral zone.
13:01 of 2nd period - Off-side.
13:02 of 2nd period - Jeff Carter wins face-off versus Frans Nielsen in neutral zone.
13:04 of 2nd period - Off-side.
13:05 of 2nd period - Jeff Carter wins face-off versus Frans Nielsen in neutral zone.
13:27 of 2nd period - Steve Downie is hit by Jakub Voracek and loses puck.
13:48 of 2nd period - Snap shot by Frans Nielsen.
13:48 of 2nd period - Goal by Frans Nielsen - Flyers : 4 - Canadiens : 7.
13:49 of 2nd period - J.T. Miller wins face-off versus Pierre-Marc Bouchard in neutral zone.
13:54 of 2nd period - Wrist shot by Kyle Wellwood.
13:54 of 2nd period - Shot Blocked by Evgeny Dadonov.
14:16 of 2nd period - Shaone Morrisonn is hit by Jaromir Jagr.
14:20 of 2nd period - Steve McCarthy is hit by Enver Lisin and loses puck.
14:25 of 2nd period - Snap shot by Dustin Boyd.
14:25 of 2nd period - Stopped by Cory Schneider without a rebound.
14:26 of 2nd period - Frans Nielsen wins face-off versus Jeff Carter in Flyers zone.
15:46 of 2nd period - Wrist shot by Jeff Carter.
15:46 of 2nd period - Stopped by Allen York with a rebound.
15:48 of 2nd period - Snap shot by Jeff Carter.
15:48 of 2nd period - Shot Blocked by Vitaly Vishnevsky.
15:58 of 2nd period - Snap shot by Brian McGrattan.
15:58 of 2nd period - Stopped by Allen York without a rebound.
15:59 of 2nd period - Matthew Lombardi wins face-off versus Pierre-Marc Bouchard in Canadiens zone.
16:26 of 2nd period - Frans Nielsen is hit by Steve McCarthy and loses puck.
16:31 of 2nd period - Snap shot by Jakub Voracek.
16:31 of 2nd period - Shot Misses the Net.
16:33 of 2nd period - Wrist shot by Jakub Voracek.
16:33 of 2nd period - Stopped by Allen York with a rebound.
16:37 of 2nd period - Snap shot by Jakub Voracek.
16:37 of 2nd period - Goal by Jakub Voracek - Flyers : 5 - Canadiens : 7.
16:38 of 2nd period - Jakub Voracek wins face-off versus Frans Nielsen in neutral zone.
17:12 of 2nd period - Snap shot by Andrew Alberts.
17:12 of 2nd period - Shot Misses the Net.
17:22 of 2nd period - Snap shot by Brett Maclean.
17:22 of 2nd period - Stopped by Cory Schneider without a rebound.
17:23 of 2nd period - Dustin Boyd wins face-off versus Kyle Wellwood in Flyers zone.
17:28 of 2nd period - Wrist shot by Dustin Boyd.
17:28 of 2nd period - Stopped by Cory Schneider without a rebound.
17:29 of 2nd period - Jeff Carter wins face-off versus Frans Nielsen in Flyers zone.
17:34 of 2nd period - Drew Miller is hit by Steve Downie and loses puck.
18:38 of 2nd period - Minor Penalty to Brett Maclean for Roughing.
18:39 of 2nd period - Kyle Wellwood wins face-off versus Tomas Plekanec in Canadiens zone.
18:40 of 2nd period - Snap shot by Mats Zuccarello.
18:40 of 2nd period - Stopped by Allen York with a rebound.
18:42 of 2nd period - Slapshot by Jeff Woywitka.
18:42 of 2nd period - Deflect By Andrew Alberts.
18:42 of 2nd period - Stopped by Allen York with a rebound.
18:44 of 2nd period - Slapshot by Matt Smaby.
18:44 of 2nd period - Stopped by Allen York with a rebound.
19:12 of 2nd period - Slapshot by Matt Smaby.
19:12 of 2nd period - Goal by Matt Smaby - Flyers : 6 - Canadiens : 7.
19:13 of 2nd period - Frans Nielsen wins face-off versus Jeff Carter in neutral zone.
Goals for this period are 4 for Flyers vs 4 for Canadiens.
Shots for this period are 18 for Flyers vs 16 for Canadiens.

3rd period


0:01 of 3rd period - Jakub Voracek wins face-off versus Frans Nielsen in neutral zone.
0:14 of 3rd period - Slapshot by Drew Miller.
0:14 of 3rd period - Shot Misses the Net.
0:16 of 3rd period - Slapshot by Matt Smaby.
0:16 of 3rd period - Deflect By Scott Hartnell.
0:16 of 3rd period - Stopped by Allen York without a rebound.
0:17 of 3rd period - Pierre-Marc Bouchard wins face-off versus Kyle Wellwood in Canadiens zone.
0:24 of 3rd period - Matt Smaby is hit by Andrew Alberts.
0:44 of 3rd period - Minor Penalty to Frans Nielsen for Tripping.
0:45 of 3rd period - Kyle Wellwood wins face-off versus Steve Downie in Canadiens zone.
1:56 of 3rd period - Jeff Woywitka is hit by Greg Stewart.
2:38 of 3rd period - Jakub Voracek is hit by Dustin Boyd.
2:44 of 3rd period - Penalty to Frans Nielsen is over, Frans Nielsen is back on ice.
2:48 of 3rd period - Wrist shot by Jaromir Jagr.
2:48 of 3rd period - Stopped by Allen York without a rebound.
2:49 of 3rd period - Pierre-Marc Bouchard wins face-off versus Jaromir Jagr in Canadiens zone.
3:10 of 3rd period - Icing by Marcus Kruger.
3:11 of 3rd period - Frans Nielsen wins face-off versus Matthew Lombardi in Flyers zone.
3:42 of 3rd period - Snap shot by Jakub Voracek.
3:42 of 3rd period - Deflect By Jeff Carter.
3:42 of 3rd period - Stopped by Allen York with a rebound.
4:06 of 3rd period - Snap shot by Greg Stewart.
4:06 of 3rd period - Shot Blocked by Jeff Woywitka.
4:14 of 3rd period - Jeff Woywitka is hit by Viktor Stalberg and loses puck.
4:25 of 3rd period - Snap shot by David Jones.
4:25 of 3rd period - Stopped by Cory Schneider without a rebound.
4:26 of 3rd period - Jeff Carter wins face-off versus Frans Nielsen in Flyers zone.
4:26 of 3rd period - Drew Miller is hit by Scott Hartnell and loses puck.
4:51 of 3rd period - Shaone Morrisonn is hit by Oliver Ekman-Larsson and loses puck.
4:56 of 3rd period - Snap shot by Marcus Kruger.
4:56 of 3rd period - Shot Misses the Net.
4:58 of 3rd period - Backhand shot by Nathan Beaulieu.
4:58 of 3rd period - Shot Blocked by Pierre-Marc Bouchard.
5:00 of 3rd period - Snap shot by Loui Eriksson.
5:00 of 3rd period - Shot Misses the Net.
5:02 of 3rd period - Slapshot by Steve McCarthy.
5:02 of 3rd period - Stopped by Allen York with a rebound.
5:58 of 3rd period - Mark Stuart is hit by Jakub Voracek and loses puck.
6:05 of 3rd period - Snap shot by Drew Miller.
6:05 of 3rd period - Shot Blocked by Scott Hartnell.
6:07 of 3rd period - Slapshot by Jeff Woywitka.
6:07 of 3rd period - Stopped by Allen York without a rebound.
6:08 of 3rd period - Marcus Kruger wins face-off versus Pierre-Marc Bouchard in Canadiens zone.
6:21 of 3rd period - Snap shot by Jaromir Jagr.
6:21 of 3rd period - Stopped by Allen York without a rebound.
6:22 of 3rd period - Frans Nielsen wins face-off versus Jeff Carter in Canadiens zone.
6:22 of 3rd period - Frans Nielsen is hit by Jakub Voracek.
7:02 of 3rd period - Off-side.
7:03 of 3rd period - Marcus Kruger wins face-off versus Brett Maclean in neutral zone.
9:28 of 3rd period - Snap shot by Dustin Boyd.
9:28 of 3rd period - Shot Blocked by Jakub Voracek.
9:48 of 3rd period - Wrist shot by David Jones.
9:48 of 3rd period - Shot Misses the Net.
9:50 of 3rd period - Slapshot by Tomas Plekanec.
9:50 of 3rd period - Shot Misses the Net.
11:22 of 3rd period - Icing by Shaone Morrisonn.
11:23 of 3rd period - Tomas Plekanec wins face-off versus Loui Eriksson in Canadiens zone.
11:47 of 3rd period - Icing by Shaone Morrisonn.
11:48 of 3rd period - Frans Nielsen wins face-off versus Drew Miller in Canadiens zone.
11:55 of 3rd period - Snap shot by Greg Stewart.
11:55 of 3rd period - Stopped by Cory Schneider with a rebound.
12:17 of 3rd period - Icing by Enver Lisin.
12:18 of 3rd period - Dustin Boyd wins face-off versus Kyle Wellwood in Canadiens zone.
12:35 of 3rd period - Wrist shot by Brett Maclean.
12:35 of 3rd period - Shot Misses the Net.
12:37 of 3rd period - Wrist shot by Mark Stuart.
12:37 of 3rd period - Stopped by Cory Schneider with a rebound.
12:39 of 3rd period - Wrist shot by Dustin Boyd.
12:39 of 3rd period - Stopped by Cory Schneider with a rebound.
12:41 of 3rd period - Snap shot by Brett Maclean.
12:41 of 3rd period - Shot Misses the Net.
12:43 of 3rd period - Snap shot by Enver Lisin.
12:43 of 3rd period - Stopped by Cory Schneider without a rebound.
12:44 of 3rd period - Jeff Carter wins face-off versus Frans Nielsen in Flyers zone.
13:10 of 3rd period - Pierre-Marc Bouchard is hit by Nathan Beaulieu and loses puck.
13:17 of 3rd period - Greg Stewart is hit by Steve McCarthy and loses puck.
13:21 of 3rd period - Icing by Evgeny Dadonov.
13:22 of 3rd period - Pierre-Marc Bouchard wins face-off versus Jeff Carter in Canadiens zone.
13:28 of 3rd period - Icing by Evgeny Dadonov.
13:29 of 3rd period - Pierre-Marc Bouchard wins face-off versus Jeff Carter in Canadiens zone.
13:29 of 3rd period - Pierre-Marc Bouchard is hit by Jeff Woywitka.
14:20 of 3rd period - Wrist shot by Jakub Voracek.
14:20 of 3rd period - Stopped by Allen York with a rebound.
14:55 of 3rd period - Minor Penalty to Jakub Voracek for Holding.
14:56 of 3rd period - Frans Nielsen wins face-off versus Matthew Lombardi in Flyers zone.
15:03 of 3rd period - Wrist shot by Scott Hartnell.
15:03 of 3rd period - Shot Misses the Net.
15:05 of 3rd period - Slapshot by Mark Stuart.
15:05 of 3rd period - Shot Blocked by Steve McCarthy.
15:07 of 3rd period - Snap shot by Mark Stuart.
15:07 of 3rd period - Stopped by Cory Schneider with a rebound.
15:09 of 3rd period - Snap shot by Steve Downie.
15:09 of 3rd period - Goal by Steve Downie - Flyers : 6 - Canadiens : 8.
15:10 of 3rd period - Dustin Boyd wins face-off versus Marcus Kruger in neutral zone.
15:23 of 3rd period - Snap shot by Brett Maclean.
15:23 of 3rd period - Shot Misses the Net.
16:24 of 3rd period - Snap shot by Jakub Voracek.
16:24 of 3rd period - Stopped by Allen York without a rebound.
16:25 of 3rd period - Dustin Boyd wins face-off versus Marcus Kruger in Canadiens zone.
16:32 of 3rd period - Wrist shot by Enver Lisin.
16:32 of 3rd period - Shot Blocked by Nathan Beaulieu.
16:34 of 3rd period - Slapshot by Andrew Alberts.
16:34 of 3rd period - Shot Blocked by Nathan Beaulieu.
16:36 of 3rd period - Slapshot by Andrew Alberts.
16:36 of 3rd period - Shot Blocked by Jaromir Jagr.
16:38 of 3rd period - Snap shot by Dustin Boyd.
16:38 of 3rd period - Deflect By Brett Maclean.
16:38 of 3rd period - Stopped by Cory Schneider without a rebound.
16:39 of 3rd period - Frans Nielsen wins face-off versus Marcus Kruger in Flyers zone.
16:53 of 3rd period - Icing by Steve Downie.
16:54 of 3rd period - Frans Nielsen wins face-off versus Jeff Carter in Canadiens zone.
16:54 of 3rd period - Frans Nielsen is hit by Jonathan Ericsson.
17:08 of 3rd period - Drew Miller is hit by Colton Parayko and loses puck.
17:28 of 3rd period - Wrist shot by Frans Nielsen.
17:28 of 3rd period - Stopped by Cory Schneider without a rebound.
17:29 of 3rd period - Dustin Boyd wins face-off versus Marcus Kruger in Flyers zone.
17:47 of 3rd period - Minor Penalty to Dustin Boyd for Holding.
17:48 of 3rd period - Kyle Wellwood wins face-off versus Tomas Plekanec in Canadiens zone.
17:48 of 3rd period - Slapshot by J.T. Miller.
17:48 of 3rd period - Shot Misses the Net.
18:15 of 3rd period - Icing by Oliver Ekman-Larsson.
18:16 of 3rd period - Jeff Carter wins face-off versus Tomas Plekanec in Flyers zone.
18:40 of 3rd period - Off-side.
18:41 of 3rd period - Frans Nielsen wins face-off versus Kyle Wellwood in neutral zone.
19:14 of 3rd period - Wrist shot by Jeff Carter.
19:14 of 3rd period - Shot Misses the Net.
19:16 of 3rd period - Snap shot by Drew Miller.
19:16 of 3rd period - Stopped by Allen York without a rebound.
19:17 of 3rd period - Tomas Plekanec wins face-off versus Kyle Wellwood in Canadiens zone.
19:47 of 3rd period - Penalty to Dustin Boyd is over, Dustin Boyd is back on ice.
Goals for this period are 0 for Flyers vs 1 for Canadiens.
Shots for this period are 9 for Flyers vs 9 for Canadiens.